 Dungeon Crawl Stone Soup version 0.25-a0-294-gea9b1ad378 (webtiles) character file.

Game seed: 17787389943529902705, levelgen mode: deterministic

34 MrRokkomies the Cleaver (level 3, 0/28 HPs)
             Began as a Gnoll Wanderer on Dec 16, 2019.
             Slain by Natasha (8 damage)
             ... on level 2 of the Dungeon.
             The game lasted 00:01:55 (1267 turns).

MrRokkomies the Cleaver (Gnoll Wanderer)            Turns: 1267, Time: 00:01:56

Health: 0/28       AC:  2    Str: 15    XL:     3   Next: 31%
Magic:  4/4        EV: 11    Int: 15    God:
Gold:   50         SH:  0    Dex: 13    Spells: 3/3 levels left

rFire    . . .     SeeInvis .   a - +2 hand axe
rCold    . . .     Gourm    .   (no shield)
rNeg     . . .     Faith    .   d - +0 robe
rPois    .         Spirit   .   (no helmet)
rElec    .         Reflect  .   (no cloak)
rCorr    .         Harm     .   (no gloves)
MR       .....                  (no boots)
Stlth    ++........             (no amulet)
HPRegen  0.09/turn              (no ring)
MPRegen  0.09/turn              (no ring)

@: no status effects
A: distributed training, fangs 1, strong nose
a: no special abilities


You were on level 2 of the Dungeon.
You were not hungry.

You visited 1 branch of the dungeon, and saw 2 of its levels.

You collected 50 gold pieces.

Inventory:

Hand Weapons
 a - a +2 hand axe (weapon)
Missiles
 j - 24 arrows
Armour
 d - a +0 robe (worn)
Wands
 c - a wand of random effects (15)
Scrolls
 e - a scroll of identify {unknown}
 h - a scroll of enchant armour {unknown}
 i - a scroll of amnesia {unknown}
 k - a scroll of blinking {unknown}
 l - a scroll of magic mapping {unknown}
Potions
 b - 2 potions of lignification
 g - a potion of haste {unknown}
 m - a potion of magic {unknown}
 n - a potion of curing {unknown}
Comestibles
 f - 3 rations
 o - 2 chunks of flesh


   Skills:
 + Level 2.6 Fighting
 + Level 0.7 Short Blades
 + Level 0.7 Long Blades
 + Level 8.5 Axes
 + Level 0.7 Maces & Flails
 + Level 0.7 Polearms
 + Level 0.7 Staves
 + Level 0.7 Slings
 + Level 0.7 Bows
 + Level 0.7 Crossbows
 + Level 0.7 Throwing
 + Level 6.5 Armour
 + Level 0.7 Dodging
 + Level 0.7 Stealth
 + Level 2.6 Shields
 + Level 0.7 Unarmed Combat
 + Level 0.7 Spellcasting
 + Level 0.5 Conjurations
 + Level 0.5 Hexes
 + Level 0.5 Charms
 + Level 0.5 Summonings
 + Level 0.5 Necromancy
 + Level 0.5 Translocations
 + Level 0.5 Transmutations
 + Level 0.5 Fire Magic
 + Level 0.5 Ice Magic
 + Level 0.5 Air Magic
 + Level 0.5 Earth Magic
 + Level 0.5 Poison Magic
 + Level 0.9 Invocations
 + Level 2.6 Evocations


You had 3 spell levels left.
You didn't know any spells.
Your spell library was empty.

Dungeon Overview and Level Annotations

Branches:
Dungeon (2/15)

Altars:
Wu Jian

Annotations:
D:2 Natasha


Innate Abilities, Weirdness & Mutations

Your experience applies equally to all skills.
You have very sharp teeth.
Your uncanny sense of smell can sniff out nearby items.


Message History

Natasha is moderately wounded.
Natasha stares at you and mumbles some strange words.
The magic dart hits you!
You are too injured to fight recklessly!
You are too injured to fight recklessly!
You are too injured to fight recklessly!
You are too injured to fight recklessly!
You hit Natasha but do no damage.
Natasha is moderately wounded.
Natasha claws you!
* * * LOW HITPOINT WARNING * * *
You hit Natasha but do no damage.
Natasha is moderately wounded.
Natasha barely misses you.
You barely miss Natasha.
Natasha is moderately wounded.
You barely miss Natasha.
Natasha is moderately wounded.
Natasha claws you!
You die...

#.#...........#
#.###.........# .# .##
#.# #.........# .###...
#.###.........# .......
#.............+ .......
#####.........###.......
#...................
########............
#....@h......
#............
#..).........
#............
#############


You could see Natasha.

Vanquished Creatures
  A worm (D:2)
  A dart slug (D:1)
  A leopard gecko (D:1)
  2 giant cockroaches (D:1)
  2 goblins (D:1)
  7 hobgoblins (D:1)
  5 kobolds
  2 bats (D:1)
  A frilled lizard (D:1)
  3 rats (D:1)
25 creatures vanquished.

Notes
Turn   | Place    | Note
-------+----------+-------------------------------------------
     0 | D:1      | MrRokkomies the Gnoll Wanderer began the quest for the Orb.
     0 | D:1      | MrRokkomies set off with the following items: a +2 hand
                  | axe, a potion of lignification, a wand of random effects
                  | (15), a +0 robe, a ration
     0 | D:1      | Reached XP level 1. HP: 17/17 MP: 2/2
   371 | D:1      | Reached XP level 2. HP: 20/23 MP: 3/3
   922 | D:1      | Reached XP level 3. HP: 28/28 MP: 4/4
  1213 | D:2      | Found an ornate altar of the Wu Jian Council.
  1259 | D:2      | Noticed Natasha
  1267 | D:2      | Slain by Natasha

Levels and vault maps discovered:
D:1:      psy_arrival_basics, layout_loops_corners, minmay_tetromino_i4
D:2:      layout_basic, lemuel_crystal_altar, uniq_natasha

Action                   || total
-------------------------++-------
Melee: Hand axe          ||    82
       Bite              ||     5
  Eat: Chunk             ||     1
Armor: Robe              ||    20
Dodge: Dodged            ||    34

Table legend:
 A = Non-vault XP
 B = Vault XP
 C = Vault XP percentage of total XP
 D = Non-vault monster count
 E = Vault monster count
 F = Vault count percentage of total count
                 A         B        C        D         E       F
            +---------+---------+-------+---------+---------+-------
      Total |      40 |       9 |  18.4 |      21 |       4 |  16.0
            +---------+---------+-------+---------+---------+-------
        D:1 |      33 |       9 |  21.4 |      19 |       4 |  17.4
        D:2 |       7 |       0 |   0.0 |       2 |       0 |   0.0
            +---------+---------+-------+---------+---------+-------
